 Dungeon Crawl Stone Soup version 0.29-a0-299-g4c793a2ed2 (webtiles) character file.

Game seed: 11544110593540518173

2 Leszczynek the Ducker (level 1, 16/16 HPs)
             Began as a Human Gladiator on Mar 24, 2022.
             Was a Follower of Kikubaaqudgha.
             Quit the game on level 1 of the Dungeon.
             The game lasted 00:00:44 (98 turns).

Leszczynek the Ducker (Human Gladiator)               Turns: 98, Time: 00:00:45

Health: 16/16      AC:  6    Str: 14    XL:     1   Next: 33%
Magic:  1/1        EV: 11    Int:  8    God:    Kikubaaqudgha [*.....]
Gold:   23         SH:  0    Dex: 14    Spells: 0/0 levels left

rFire   . . .      SeeInvis .   a - +0 war axe
rCold   . . .      Faith    .   (no shield)
rNeg    . . .      Spirit   .   f - +0 ring mail
rPois   .          Reflect  .   c - +0 helmet
rElec   .          Harm     .   (no cloak)
rCorr   .          Rampage  .   (no gloves)
Will    .....                   (no boots)
Stlth   +.........              (no amulet)
HPRegen 0.05/turn               (no ring)
MPRegen 0.07/turn               (no ring)

@: no status effects
A: no striking features
a: Renounce Religion, Receive Corpses


You were on level 1 of the Dungeon.
You worshipped Kikubaaqudgha.
Kikubaaqudgha was aware of your devotion.
You visited 1 branch of the dungeon, and saw 1 of its levels.

You collected 23 gold pieces.

Inventory:

Hand Weapons
 a - a +0 war axe (weapon)
Missiles
 d - 3 throwing nets (quivered)
 e - a javelin
Armour
 b - a +0 leather armour
 c - a +0 helmet (worn)
 f - a +0 ring mail (worn)
Scrolls
 g - a scroll of fear {unknown}
 h - a scroll of immolation {unknown}


   Skills:
 * Level 2.0 Fighting
 * Level 3.0 Axes
 + Level 2.0 Throwing
 - Level 3.0 Dodging


You couldn't memorise any spells.
You didn't know any spells.
Your spell library contained the following spells:

 Spells                   Type           Power      Damage    Failure   Level
 Animate Skeleton         Necr           0%         N/A       65%         1
 Corpse Rot               Necr/Air       0%         N/A       80%         2
 Sublimation of Blood     Necr           0%         N/A       80%         2
 Vampiric Draining        Necr           0%         2d6       95%         3


Dungeon Overview and Level Annotations

Branches:
Dungeon (1/15)

Altars:
Kikubaaqudgha


Message History

Found a robe.
Found a faded altar of an unknown god.
Unknown command.
A giant cockroach comes into view.
Found a scroll labelled VOUWAA USOR.
Found a stone staircase leading down.
Unknown command.
You see here a +0 ring mail.
You barely miss the giant cockroach. The giant cockroach barely misses you.
You barely miss the giant cockroach. You hit the rat.
You kill the rat!
The giant cockroach closely misses you. The giant cockroach barely misses you.
You hit the giant cockroach.
The giant cockroach is heavily wounded.
The giant cockroach misses you. The giant cockroach closely misses you.
You hit the giant cockroach.
You kill the giant cockroach!
No target in view!
No target in view!
No target in view!
f - a +0 ring mail
g - a scroll labelled LECWUM FITECI You start removing your armour.
You continue taking off your +0 leather armour. x4
You finish taking off your +0 leather armour.
You start putting on your armour.
You continue putting on your +0 ring mail. x5
You finish putting on your +0 ring mail.
h - a scroll labelled VOUWAA USOR
There is a faded altar of an unknown god here.
You cannot tell which god this altar belongs to.
Convert to them anyway?
Kikubaaqudgha accepts your prayer! Kikubaaqudgha welcomes you!
You can now receive cadavers from Kikubaaqudgha.
Kikubaaqudgha grants you a gift!
You add the spells Animate Skeleton, Corpse Rot, Sublimation of Blood and Vampiric Draining to your library.
Enter note: "random"
Enter note: 3rd kiku in recent time Are you sure you want to abandon this character and quit the game? (Confirm with "yes".)

####### ##.....#####
#..........#
#..@.......#
#..........# ######
#..........# #....#
#..........# #....#
#....†.....###....##
#.....†.............
#>.........###....##
#..........###....#
#...............###


There were no monsters in sight!

Vanquished Creatures
  A giant cockroach (D:1)
  A rat (D:1)
2 creatures vanquished.

Notes
Turn   | Place    | Note
-------+----------+-------------------------------------------
     0 | D:1      | Leszczynek the Human Gladiator began the quest for the Orb.
     0 | D:1      | Reached XP level 1. HP: 16/16 MP: 1/1
     0 | D:1      | Noticed a shadow dragon
     0 | D:1      | Noticed a red draconian
     1 | D:1      | Noticed a tentacled monstrosity
     1 | D:1      | Noticed an iron dragon
     3 | D:1      | Noticed a yellow draconian
     3 | D:1      | Noticed a shadow dragon
     5 | D:1      | Noticed a large abomination
    10 | D:1      | Noticed a shadow dragon
    10 | D:1      | Noticed an iron dragon
    12 | D:1      | Noticed an iron dragon
    12 | D:1      | Noticed an iron dragon
    14 | D:1      | Noticed a tentacled monstrosity
    14 | D:1      | Noticed a tentacled monstrosity
    14 | D:1      | Noticed a shadow dragon
    16 | D:1      | Noticed an ice dragon
    16 | D:1      | Noticed a tentacled monstrosity
    20 | D:1      | Noticed an ice dragon
    61 | D:1      | Found a faded altar of an unknown god.
    97 | D:1      | Prayed at the altar of an unknown god.
    97 | D:1      | Became a worshipper of Kikubaaqudgha
    97 | D:1      | Reached * piety under Kikubaaqudgha
    97 | D:1      | Received a gift from Kikubaaqudgha
    98 | D:1      | "random"
    98 | D:1      | 3rd kiku in recent time
    98 | D:1      | Quit the game

Illustrated notes

####### ##.....#####
#..........#
#..@.......#
#..........# ######
#..........# #....#
#..........# #....#
#....†.....###....##
#.....†.............
#>.........###....##
#..........###....#
#...............###


Turn 98 on D:1: "random"

Levels and vault maps discovered:
D:1:      shiori_arrival_whats_in_store_for_you, layout_basic,
          basic_ecumenical_altar, kennysheep_nondescript

Action                   || total
-------------------------++-------
Melee: War axe           ||     4
Dodge: Dodged            ||     5

Table legend: (Time is in decaauts)
 A = Elapsed time spent in this place.
 B = Non-inter-level travel time spent in this place.
 C = Inter-level travel time spent in this place.
 D = Time resting spent in this place.
 E = Time spent auto-exploring this place.
 F = Levels seen in this place.
 G = Mean time per level.
                   A        B        C        D        E       F      G
               +--------+--------+--------+--------+--------+-----+--------+
         Total |     99 |     99 |      0 |      0 |      0 |   1 |   99.0 |
       Dungeon |     99 |     99 |      0 |      0 |      0 |   1 |   99.0 |
               +--------+--------+--------+--------+--------+-----+--------+

Top non-repeatable levels by time:
     D:1: 99 daAuts
